 Dungeon Crawl Stone Soup version 0.18.1-48-g4cf74bf (webtiles) character file.

768 dearth the Chopper (level 7, -6/61 HPs)
             Began as a Hill Orc Fighter on Aug 5, 2016.
             Mangled by an orc warrior
             ... wielding a cursed -3 scimitar
              (20 damage)
             ... on level 4 of the Dungeon.
             The game lasted 00:09:52 (3649 turns).

dearth the Chopper (Hill Orc Fighter)               Turns: 3649, Time: 00:09:52

Health: -6/61      AC:  6    Str: 21    XL:     7   Next: 82%
Magic:  7/7        EV:  7    Int:  8    God:
Gold:   255        SH:  8    Dex: 10    Spells: 0 memorised, 6 levels left

rFire  . . .     SeeInvis .     a - +1 war axe
rCold  . . .     Gourm    .     b - +0 scale mail
rNeg   . . .     Faith    .     c - +0 shield
rPois  .         Spirit   .     (no helmet)
rElec  .         Dismiss  +     (no cloak)
rCorr  .         Reflect  .     (no gloves)
SustAt .         Harm     .     (no boots)
MR     .....                    r - amulet of dismissal
Stlth  ..........               (no ring)
                                (no ring)

@: very heavily drained, not resistant to hostile enchantments, extremely
unstealthy
A: no striking features
a: no special abilities


You were on level 4 of the Dungeon.
You were very hungry.

You visited 1 branch of the dungeon, and saw 4 of its levels.

You collected 255 gold pieces.

Inventory:

Hand Weapons
 a - a +1 war axe (weapon)
Armour
 b - a +0 scale mail (worn)
 c - a +0 shield (worn)
Jewellery
 r - an amulet of dismissal (around neck)
Scrolls
 d - 3 scrolls of identify
 g - 2 scrolls of remove curse
 j - a scroll of teleportation {unknown}
 l - a scroll of fear
 p - a scroll of amnesia
Potions
 e - a potion of resistance {unknown}
 h - a potion of flight {unknown}
 k - 2 potions of heal wounds
 m - a potion of lignification {unknown}
 o - 2 potions of magic
 q - 2 potions of haste {unknown}
 v - a potion of curing {unknown}
Comestibles
 f - 4 bread rations
 i - 3 meat rations
 n - a beef jerky


   Skills:
 + Level 5.6(2.4) Fighting
 * Level 7.5(4.1) Axes
 + Level 4.9(1.7) Armour
 + Level 5.5(2.2) Shields


You had 6 spell levels left.
You didn't know any spells.

Dungeon Overview and Level Annotations

Branches:
Dungeon (4/15)
 Temple: D:4-7

Altars:
Fedhas
Makhleb

Shops:
D:4 (


Message History

An orc wizard comes into view. It is wielding a dagger.
You closely miss the orc warrior.
The orc warrior is severely wounded.
The orc wizard shouts!
The orc hits you but does no damage.
The orc warrior hits you with a scimitar.
Your shield and scale mail prevent you from hitting the orc warrior.
The orc warrior is severely wounded.
The orc closely misses you. You block the orc warrior's attack.
The orc wizard gestures wildly while chanting.
The orc wizard blinks!
You block the orc's attack.
You closely miss the orc warrior.
The orc warrior is severely wounded.
The orc warrior hits you with a scimitar.
* * * LOW HITPOINT WARNING * * *
The orc hits you but does no damage.
You barely miss the orc warrior.
The orc warrior is severely wounded.
The orc warrior hits you with a scimitar!!
You die...

## #........# ###..# #...##.
##)####.## ###....# ##..#.. #.#
#.# #...##.# ##....# # ##.# #.#
##.####.# ##...### # ##..#
#.###..# ##.# #....# # ####..##
##..##.## #..####.#..### ##...##
#∩.∩.).# #.###......##. ...###
#.....#####.#...###..... #..#
#∩.∩.oo@.)......##....##
##.#######...#o#####.....##......
##..##......##.o####.....##......
#......#..#####.......#####......
..#......## ####..##.## #......
#######..####.....##.# #......
##..........##.###.# #.#.###
#.....########.# #.# #.#.#
###o#.#.# #.# #.# #.#.#


You could see an orc warrior, an orc wizard and an orc.

Vanquished Creatures
  Grinder (D:4)
  Sigmund (D:4)
  A hound (D:4)
  An orc priest (D:4)
  2 worker ants (D:4)
  Natasha (D:4)
  3 orc wizards (D:4)
  A hound skeleton (D:4)
  3 adders
  A howler monkey skeleton (D:4)
  4 gnolls (D:4)
  2 oozes
  2 adder skeletons (D:4)
  3 worms
  A dart slug (D:2)
  2 giant geckos (D:4)
  8 orcs
  9 goblins
  4 hobgoblins
  8 jackals
  2 ball pythons (D:3)
  13 bats
  A giant gecko skeleton (D:4)
  2 giant newts (D:3)
  8 kobolds
  2 rats
86 creatures vanquished.

Notes
Turn   | Place    | Note
--------------------------------------------------------------
     0 | D:1      | dearth the Hill Orc Fighter began the quest for the Orb.
     0 | D:1      | Reached XP level 1. HP: 19/19 MP: 1/1
   135 | D:1      | Reached skill level 3 in Axes
   136 | D:1      | Reached XP level 2. HP: 24/26 MP: 2/2
   574 | D:2      | Reached XP level 3. HP: 30/33 MP: 3/3
  1111 | D:2      | Reached skill level 4 in Axes
  1111 | D:2      | Reached XP level 4. HP: 33/40 MP: 4/4
  1861 | D:3      | Found a blossoming altar of Fedhas.
  2537 | D:4      | Reached XP level 5. HP: 20/46 MP: 5/5
  2628 | D:4      | Reached skill level 5 in Axes
  2810 | D:4      | Noticed Grinder
  2822 | D:4      | Killed Grinder
  2822 | D:4      | Reached skill level 5 in Fighting
  2822 | D:4      | Reached skill level 6 in Axes
  2822 | D:4      | Reached XP level 6. HP: 30/56 MP: 6/6
  2986 | D:4      | Reached XP level 7. HP: 52/61 MP: 7/7
  3010 | D:4      | Found Xowing's Antique Weapon Emporium.
  3045 | D:4      | Noticed Sigmund
  3062 | D:4      | Killed Sigmund
  3062 | D:4      | Reached skill level 7 in Axes
  3062 | D:4      | Reached skill level 5 in Shields
  3376 | D:4      | Noticed Natasha
  3382 | D:4      | Killed Natasha
  3431 | D:4      | Found a burning altar of Makhleb.
  3649 | D:4      | Mangled by an orc warrior

Skill      XL: |  1  2  3  4  5  6  7 |
---------------+----------------------+-----
Axes           | 3 4 6 7 |  7.5
Fighting       | 4 5 |  5.6
Shields        | 4 5 |  5.5
Armour         | 4 |  4.9

Action                   |  1- 3 |  4- 6 |  7- 9 || total
-------------------------+-------+-------+-------++-------
Melee: War axe           |   112 |   162 |   100 ||   374
  Use: Scroll            |       |     9 |       ||     9
       Potion            |       |     1 |       ||     1
  Eat: Chunk             |       |     4 |     1 ||     5
       Fruit             |       |     4 |       ||     4
Armor: Scale mail        |    56 |   136 |    33 ||   225
Dodge: Dodged            |    39 |    97 |    32 ||   168
Block: Shield            |    56 |   142 |    46 ||   244
